AoeStats
← Paol01977

Four Lakes

509920476Analyzed
1v1 RM · 5d ago on Sep 28, 2026· 19m 48s· 2 players
Game mode
Random Map
Map size
Tiny (2 player)
Population
200
Speed
Normal
Resources
Standard
Victory
Conquest
Starting age
Dark Age
Ending age
Imperial Age
RankedLock teamsTeams togetherTeam positionsShared explorationLock speedFull tech treeHidden civsTurbo modeCheats
Victory
Defeat
🇪🇸 Franks · Spain
883
+15
🇮🇹 Persians · Italy
861
-41
Paol01977
1:37 Loom
16:24 Feudal Age
19:13 Town Watch
20:04 Wheelbarrow
santi.pinyol.mediano
11:44 Feudal Age
15:10 Forging
15:06 Scale Barding Armor
18:09 Castle Age
19:31 Iron Casting
19:23 Gold Mining
Connection lost

Rejoining the realm…

Still unreachable

The connection could not be restored.

Session expired

The server has moved on; the page needs a fresh start.